 Dungeon Crawl Stone Soup version 0.28.0-53-g5a82cb258f (webtiles) character file.

Game seed: 11212480415577752510

38 KamiKatze the Conjurer (level 3, 0/19 HPs)
             Began as a Gargoyle Conjurer on July 20, 2022.
             Killed from afar by an orc wizard (7 damage)
             ... with a puff of flame
             ... on level 3 of the Dungeon.
             The game lasted 00:06:48 (1759 turns).

KamiKatze the Conjurer (Gargoyle Conjurer)          Turns: 1759, Time: 00:06:48

Health: 0/19       AC:  6    Str: 10    XL:     3   Next: 43%
Magic:  1/6        EV: 11    Int: 20    God:
Gold:   102        SH:  0    Dex:  8    Spells: 4/7 levels left

rFire   . . .      SeeInvis .   m - +0 short sword
rCold   . . .      Faith    .   (no shield)
rNeg    + . .      Spirit   .   a - +0 robe
rPois   ∞          Reflect  .   (no helmet)
rElec   +          Harm     .   (no cloak)
rCorr   .          Rampage  .   (no gloves)
Will    .....                   h - +0 pair of boots
Stlth   ++........              c - amulet of regeneration
HPRegen 0.86/turn               (no ring)
MPRegen 0.10/turn               (no ring)

@: no status effects
A: sickness immunity, AC +3, negative energy resistance 1, electricity
resistance, torment resistance 1, petrification resistance
a: no special abilities


You were on level 3 of the Dungeon.
You visited 1 branch of the dungeon, and saw 3 of its levels.

You collected 102 gold pieces.

Inventory:

Hand Weapons
 m - a +0 short sword (weapon)
 n - a +0 dagger
Missiles
 o - 44 stones
Armour
 a - a +0 robe (worn)
 g - a +0 ring mail
 h - a +0 pair of boots (worn)
Jewellery
 c - an amulet of regeneration (around neck)
 i - an amulet of guardian spirit
Scrolls
 d - a scroll of fear {unknown}
 e - a scroll of magic mapping {unknown}
 f - 6 scrolls of identify {unknown}
 j - 3 scrolls of teleportation {unknown}
 k - a scroll of enchant weapon {unknown}
 p - a scroll of holy word {unknown}
Potions
 b - a potion of curing {unknown}
 l - a potion of magic {unknown}


   Skills:
 + Level 1.9 Dodging
 + Level 2.6 Stealth
 * Level 2.5 Spellcasting
 * Level 4.9 Conjurations


You had 4 spell levels left.
You knew the following spells:

 Your Spells              Type           Power      Damage    Failure   Level
a - Magic Dart            Conj           88%        1d7       1%          1
b - Searing Ray           Conj           44%        2d6       3%          2

Your spell library contained the following spells:

 Spells                   Type           Power      Damage    Failure   Level
 Dazzling Flash           Conj/Hex       24%        N/A       16%         3
 Fulminant Prism          Conj/Hex       6%         3d7       47%         4
 Iskenderun's Mystic Bla  Conj/Tloc      12%        2d5       47%         4


Dungeon Overview and Level Annotations

Branches:
Dungeon (3/15)

Altars:
Qazlal
The Shining One

Shops:
D:3 :


Innate Abilities, Weirdness & Mutations

You are immune to sickness and miasma.
Your stone body is resilient. (AC +3)
You are immune to poison.
You resist negative energy. (rN+)
You are resistant to electric shocks. (rElec)
You are resistant to unholy torment.
You are immune to petrification.


Message History

As you open the door, it creaks loudly! 2 orcs and 2 orc priests come into view.
The orc shouts!
The orc priest shouts!
You hear a shout!
The orc priest shouts!
An orc wizard comes into view. It is wielding a +0 dagger.
You close the door.
Okay, then.
Something unseen opens the door.
The orc priest looks encouraged for a moment.
You hear a shout!
The orc priest casts a cantrip, but nothing happens.
The orc priest looks braver for a moment.
The orc wizard casts a spell at you. The puff of flame hits you.
Cast which spell? (? or * to list)
Aiming: Searing Ray (safe; 3% risk of failure)
Press: ? - help, Shift-Dir - straight line, f - orc wizard
Aim: an orc wizard, wielding a +0 dagger and wearing a +0 robe (72% to hit)
The searing ray hits the orc wizard.
The orc wizard is moderately wounded.
The searing ray hits the orc priest!
The orc priest is severely wounded.
The searing ray hits the orc priest!
The orc priest is severely wounded. (Press . to maintain the ray.)
The searing ray hits the orc wizard.
The orc wizard is heavily wounded.
The searing ray hits the orc priest.
The orc priest is almost dead.
The orc priest calls down the wrath of Beogh upon you.
Beogh smites you!
* * * LOW HITPOINT WARNING * * *
The searing ray hits the orc wizard.
The orc wizard is almost dead.
The searing ray hits the orc priest!
You kill the orc priest!
The searing ray hits the orc.
The orc is severely wounded.
The orc wizard casts a spell at you. The puff of flame hits you!
You die...

## # #.. ## #.. ### .##
#...#..
..#######...#.########.#
...........oo).o@.....>#
..###### ...#o#.##.###.#
#..##########.#.##.#
##.†.......##...##.#
.###........######.#
##.††...#.#.# #.#
#..#.....∩..# #.#
..##....#.########.#
...................#


You could see an orc priest, an orc wizard and 2 orcs.

Vanquished Creatures
  An orc priest (D:3)
  2 worms (D:2)
  2 endoplasms
  A giant cockroach (D:1)
  3 hobgoblins (D:2)
  3 jackals (D:3)
  2 quokkas
  3 ball pythons (D:2)
  2 bats
  A frilled lizard (D:1)
  4 goblins
  3 kobolds
  5 rats
32 creatures vanquished.

Notes
Turn   | Place    | Note
-------+----------+-------------------------------------------
     0 | D:1      | KamiKatze the Gargoyle Conjurer began the quest for the
                  | Orb.
     0 | D:1      | Reached XP level 1. HP: 10/10 MP: 3/3
   756 | D:2      | Reached XP level 2. HP: 15/15 MP: 1/5
   759 | D:2      | Learned a level 2 spell: Searing Ray
  1132 | D:2      | Found a stormy altar of Qazlal.
  1377 | D:2      | Reached XP level 3. HP: 19/19 MP: 1/6
  1638 | D:3      | Found a glowing golden altar of the Shining One.
  1653 | D:3      | Found Acopeh's Book Shop.
  1759 | D:3      | Killed from afar by an orc wizard

Illustrated notes

Levels and vault maps discovered:
D:1:      psy_arrival_terrarium, layout_loops_ring, minmay_statues_item
D:2:      cheibrodos_old_hovel, layout_basic, basic_altar
D:3:      layout_basic, tso_metal_star, ebering_ghost_reflecting_pool,
          serial_shops, nicolae_shop_temple_entry_statues_fountains,
          nicolae_shop_crystal, serial_bayou_lagoon_a, uniq_sigmund

Action                   || total
-------------------------++-------
Melee: Unarmed           ||     3
       Club              ||     2
       Short sword       ||    33
 Cast: Magic Dart        ||    32
       Searing Ray       ||     5
 Stab: Sleeping          ||     1
Armor: Robe              ||     7
Dodge: Dodged            ||    33
